 Dungeon Crawl Stone Soup version 0.32-a0-999-gfa1cc04b1d (webtiles) character file.

Game seed: 10730325701773473424

8090 Fodor the Cleaver (level 11, -3/97 HPs)
             Began as a Minotaur Fighter on Apr 25, 2024.
             Was an Initiate of Gozag.
             Incinerated by a smoke demon (14 damage)
             ... with a pyre arrow
             ... on level 2 of the Abyss.
             The game lasted 00:23:25 (8759 turns).

Fodor the Cleaver (Minotaur Fighter)                Turns: 8759, Time: 00:23:26

Health: -3/97      AC: 14    Str: 26    XL:     11   Next: 5%
Magic:  10/10      EV: 10    Int:  5    God:    Gozag
Gold:   1092       SH:  0    Dex: 15    Spells: 10/10 levels left

rFire   . . .        w - +3 battleaxe (drain)
rCold   . . .        (shield currently unavailable)
rNeg    . . .        b - +1 chain mail {Will+}
rPois   .            (helmet restricted)
rElec   .            B - +0 cloak
rCorr   .            (no gloves)
SInv    .            (no boots)
Will    ++...        y - amulet of the acrobat Stlth
                     o - ring of willpower
HPRegen 0.36/turn    s - +6 ring of dexterity
MPRegen 0.12/turn

%: acrobat
@: on fire, glowing
A: horns 2, retaliatory headbutt
a: Renounce Religion, Potion Petition, Call Merchant, Bribe Branch


You were on level 2 of the Abyss.
You worshipped Gozag.
Gozag was most pleased with you.
You visited 2 branches of the dungeon, and saw 11 of its levels.
You visited the Abyss 1 time.

You collected 1381 gold pieces.
You spent 196 gold pieces at shops.
You paid 93 gold pieces to Gozag.

Inventory:

Hand Weapons
 p - a +0 orcbow
 w - a +3 battleaxe of draining (weapon)
 x - a +0 sling
 L - a +0 broad axe of distortion
Missiles
 X - 4 boomerangs (quivered)
Armour
 b - a +1 chain mail of willpower (worn)
 c - a +0 buckler
 B - a +0 cloak (worn)
 F - a +0 plate armour
Jewellery
 a - a ring of protection from cold
 e - an amulet of magic regeneration
 o - a ring of willpower (left hand)
 s - a +6 ring of dexterity (right hand)
 y - an amulet of the acrobat (around neck)
 P - a ring of see invisible
 R - a +6 ring of intelligence
 V - an amulet of guardian spirit
Wands
 H - a wand of paralysis (2)
 I - a wand of flame (35)
 J - a wand of light (10)
 T - a wand of warping (7)
 W - a wand of polymorph (3)
Scrolls
 f - a scroll of torment
 g - 4 scrolls of amnesia
 h - 2 scrolls of noise {unknown}
 i - 2 scrolls of enchant armour {unknown}
 l - a scroll of revelation {unknown}
 q - 2 scrolls of teleportation {unknown}
 t - 2 scrolls of fear {unknown}
 A - 4 scrolls of summoning {unknown}
 C - 3 scrolls of poison
 E - 4 scrolls of blinking
 G - 3 scrolls of immolation {unknown}
 O - a scroll of brand weapon
 Q - a scroll of fog {unknown}
Potions
 d - 3 potions of might
 j - a potion of invisibility {unknown}
 k - 10 potions of curing {unknown}
 r - 3 potions of ambrosia {unknown}
 u - 3 potions of haste {unknown}
 v - 2 potions of degeneration {unknown}
 z - 5 potions of enlightenment {unknown}
 D - a potion of attraction {unknown}
 K - a potion of magic {unknown}
 M - a potion of brilliance {unknown}
 N - a potion of heal wounds {unknown}
 U - a potion of lignification {unknown}


   Skills:
 + Level 9.4 Fighting
 + Level 13.5 Axes
 + Level 2.9 Throwing
 + Level 9.9 Armour
 + Level 4.1 Dodging
 + Level 2.0 Stealth
 + Level 6.8 Shields


You had 10 spell levels left.
You didn't know any spells.
Your spell library contained the following spells:

 Spells                   Type           Power      Damage    Failure   Level
 Passage of Golubria      Tloc           0%         N/A       100%        4
 Silence                  Hex/Air        0%         N/A       100%        5
 Lehudib's Crystal Spear  Conj/Erth      0%         10d2      100%        8


Dungeon Overview and Level Annotations

Branches:
Dungeon (10/15)            Temple (1/1) D:4            Lair (0/5) D:8
    Orc: D:9-12

Altars:
Ashenzari
Cheibriados
Dithmenos
Elyvilon
Fedhas
Gozag
Hepliaklqana
Kikubaaqudgha
Makhleb
Nemelex Xobeh
Okawaru
Qazlal
Ru
Sif Muna
Trog
Uskayaw
Vehumet
Wu Jian
Xom
Yredelemnul
Zin
The Shining One
Beogh

Shops:
D:3 :   D:5 (

Annotations:
Abyss:1 bakla's ghost, novice NaWr


Innate Abilities, Weirdness & Mutations

You have a pair of horns on your head.
You reflexively headbutt those who attack you in melee.


Message History

The thrashing horror barely misses you. x2; You furiously retaliate!
You headbutt the thrashing horror. The thrashing horror misses you.
The thrashing horror tramples you.
You stumble backwards!
You see here 5 gold pieces.
The thrashing horror closely misses you. x2
The thrashing horror completely misses you.
You furiously retaliate!
You headbutt the thrashing horror! The thrashing horror tramples you.
* * * LOW HITPOINT WARNING * * *
You hold your ground!
The thrashing horror churns violently!
The thrashing horror seems to grow stronger.
The thrashing horror completely misses you.
The thrashing horror closely misses you.
A smoke demon comes into view.
The smoke demon roars!
You slash the thrashing horror! You headbutt the thrashing horror.
The thrashing horror is almost destroyed.
You hear a chilling moan.
The thrashing horror tramples you.
* * * LOW HITPOINT WARNING * * *
You hold your ground!
The thrashing horror closely misses you. x2
The thrashing horror barely misses you. The smoke demon gestures at you.
Something smites you!
* * * LOW HITPOINT WARNING * * *
You hear a chilling moan.
You barely miss the thrashing horror.
You headbutt the thrashing horror, but do no damage.
The thrashing horror is almost destroyed.
The thrashing horror tramples you but does no damage. x2
The smoke demon gestures at you. The pyre arrow hits you.
You are covered in intense liquid fire!
You barely miss the thrashing horror.
The thrashing horror is almost destroyed.
The liquid fire burns you!
You die...
Your body crumbles into a pile of gold.

# .. . .#...
#..#. 3... #
#..# .# #..
.#. ##.# ..#
#X@# ..### .#
#.###....#
#..# ##.X.##
.... #$...#
#..##.#.#....#
.. #..#.#.#
.#. . .
##.#..#..# # .
#..........#.
## #......#.#
##


You could see a thrashing horror (strong) and a smoke demon.

Vanquished Creatures
  A boulder beetle (D:9)
  A sixfirhy (Abyss:2)
  A slime creature (D:8)
  A shadow (D:8)
  A wyvern (D:8)
  A vampire (D:9)
  5 yaks
  A basilisk (D:8)
  2 steam dragons
  A water moccasin (D:7)
  An orc warrior (D:9)
  2 sky beasts (D:7)
  2 centaurs (D:8)
  2 kobold brigands
  A bullfrog (D:7)
  3 gnoll sergeants
  3 small abominations (Abyss:2)
  8 scorpions
  13 wights
  7 killer bees
  2 bombardier beetles
  A hound (D:6)
  3 orc priests
  A sleepcap (D:6)
  Natasha (thrice) (D:2)
  7 iguanas
  3 orc wizards
  6 gnolls (D:8)
  11 adders
  A shadow imp (D:8)
  A white imp (D:6)
  3 ufetubi
  A dart slug (D:6)
  A ribbon worm (D:3)
  37 orcs
  8 ball pythons
  2 endoplasms
  A giant cockroach (D:1)
  4 goblins (D:1)
  3 hobgoblins
  5 jackals
  7 kobolds
  3 quokkas (D:3)
  3 bats
  7 frilled lizards
  7 rats
188 creatures vanquished.

Notes
Turn   | Place    | Note
-------+----------+-------------------------------------------
     0 | D:1      | Fodor the Minotaur Fighter began the quest for the Orb.
     0 | D:1      | Reached XP level 1. HP: 19/19 MP: 0/0
   294 | D:1      | Reached XP level 2. HP: 27/27 MP: 1/1
   681 | D:1      | Found a faded altar of an unknown god.
  1029 | D:2      | Reached skill level 3 in Axes
  1029 | D:2      | Reached XP level 3. HP: 33/33 MP: 2/2
  1086 | D:2      | Noticed Natasha
  1090 | D:2      | Killed Natasha
  1092 | D:2      | Noticed Natasha
  1106 | D:2      | Killed Natasha
  1107 | D:2      | Reached skill level 4 in Axes
  1107 | D:2      | Reached XP level 4. HP: 29/40 MP: 3/3
  1596 | D:2      | Noticed Natasha
  1604 | D:2      | Killed Natasha
  1605 | D:2      | Reached XP level 5. HP: 37/46 MP: 4/4
  2182 | D:3      | Found an ornate altar of the Wu Jian Council.
  2182 | D:3      | Found a shimmering altar of Xom.
  2183 | D:3      | Found a radiant altar of Vehumet.
  2332 | D:3      | Noticed a walking frostbound tome
  2333 | D:3      | Found Muatz's Book Emporium.
  2333 | D:3      | Noticed a walking divine tome
  2461 | D:3      | Reached skill level 1 in Throwing
  2623 | D:4      | Found a staircase to the Ecumenical Temple.
  2638 | D:4      | Reached skill level 5 in Axes
  2652 | D:4      | Found an ancient bone altar of Kikubaaqudgha.
  2677 | Temple   | Entered the Ecumenical Temple
  2840 | D:4      | Reached skill level 1 in Dodging
  2840 | D:4      | Reached XP level 6. HP: 38/53 MP: 5/5
  2968 | D:4      | Found a sparkling altar of Nemelex Xobeh.
  3189 | D:5      | Entered Level 5 of the Dungeon
  3228 | D:5      | Found Laczykoc's Antique Weapon Emporium.
  3288 | D:5      | Reached skill level 5 in Armour
  3744 | D:5      | Found an opulent altar of Gozag.
  3752 | D:5      | Became a worshipper of Gozag Ym Sagoz the Greedy
  4006 | D:5      | Bought a glowing broad axe for 196 gold pieces
  4035 | D:6      | Reached skill level 6 in Axes
  4035 | D:6      | Reached XP level 7. HP: 50/60 MP: 6/6
  4118 | D:6      | Reached skill level 5 in Shields
  4123 | D:6      | Reached skill level 5 in Fighting
  4509 | D:6      | Found a snail-covered altar of Cheibriados.
  4513 | D:6      | Reached skill level 7 in Axes
  4550 | D:6      | Noticed a steam dragon
  4557 | D:6      | Killed a steam dragon
  4558 | D:6      | Reached XP level 8. HP: 52/69 MP: 7/7
  4904 | D:6      | Reached skill level 8 in Axes
  5787 | D:7      | Reached skill level 9 in Axes
  5904 | D:7      | Found a hazy altar of Hepliaklqana.
  5904 | D:7      | Found a broken altar of Ashenzari.
  5912 | D:7      | Found a basalt altar of Yredelemnul.
  5914 | D:7      | Found a glowing silver altar of Zin.
  5916 | D:7      | Found a faded altar of an unknown god.
  5999 | D:7      | Reached XP level 9. HP: 73/78 MP: 8/8
  6002 | D:7      | Reached skill level 1 in Stealth
  6019 | D:7      | Found a runed translucent door.
  6021 | D:7      | Noticed bakla's ghost (novice NaWr)
  6031 | D:7      | Banished bakla's ghost
  6032 | D:7      | Reached skill level 10 in Axes
  6153 | D:8      | Reached skill level 11 in Axes
  6160 | D:8      | Found a staircase to the Lair.
  6175 | D:8      | Reached XP level 10. HP: 31/88 MP: 9/9
  6894 | D:8      | Noticed a boulder beetle
  6902 | D:8      | Banished a boulder beetle
  6903 | D:8      | Reached skill level 12 in Axes
  6968 | D:8      | Noticed a cyclops
  6980 | D:8      | Banished a cyclops
  7493 | D:9      | Reached skill level 13 in Axes
  7575 | D:9      | Found a roughly hewn altar of Beogh.
  7762 | D:9      | Found a blossoming altar of Fedhas.
  8372 | D:9      | Noticed a boulder beetle
  8387 | D:9      | Killed a boulder beetle
  8608 | D:10     | Entered Level 10 of the Dungeon
  8636 | Abyss:2  | Cast into level 2 of the Abyss (unwielding a weapon of
                  | distortion)
  8740 | Abyss:2  | Noticed a sixfirhy
  8745 | Abyss:2  | Killed a sixfirhy
  8745 | Abyss:2  | Noticed a thrashing horror
  8746 | Abyss:2  | Reached XP level 11. HP: 39/97 MP: 10/10
  8751 | Abyss:2  | Noticed a thrashing horror
  8759 | Abyss:2  | Incinerated by a smoke demon

Illustrated notes

Levels and vault maps discovered:
D:1:      ncdulo_lavacross, layout_loops_corners,
          nicolae_ecumenical_lake_church, item_on_display_a
D:2:      layout_basic, uniq_natasha
D:3:      layout_basic, gammafunk_temple_overflow_forgotten, serial_shops,
          nicolae_shop_mannequins, hangedman_decor_lopped
D:4:      layout_rooms, mainiacjoe_overflow_paths, mainiacjoe_overflow_alcove_4,
          temple_fountains, serial_curves, eino_curves_03, eino_curves_02
D:5:      layout_basic, mainiacjoe_overflow_surrounded_room, serial_shops, shop,
          serial_glass, glass_columns_a, glass_columns_a, glass_columns_a,
          glass_columns_a, glass_columns_b, glass_columns_b, glass_columns_a,
          glass_columns_a, glass_columns_b, glass_columns_a
D:6:      layout_basic, kennysheep_slug_shrine, minmay_joined_circles
D:7:      layout_rooms, chequers_temple_overflow_minitemple,
          ebering_ghost_reflecting_pool, nicolae_benzene_ring
D:8:      layout_basic, minmay_lair_entry_grove, wad_mini_maze
D:9:      layout_basic, lemuel_coloured_pillars_altar, special_room
          [special_room_orc], kennysheep_generic_room_9
D:10:     layout_cave_pools
Temple:   eino_wide_crystal_templ
Abyss:2:  base:
D:8

Skill      XL: |  1  2  3  4  5  6  7  8  9 10 |
---------------+-------------------------------+-----
Shields        | 4 5 6 |  6.8
Armour         | 4 5 6 7 8 9 |  9.9
Axes           | 3 4 5 6 7 9 11 13 | 13.5
Fighting       | 4 5 6 8 9 |  9.4
Throwing       | 1 2 |  2.9
Dodging        | 1 2 3 4 |  4.1
Stealth        | 1 2 |  2.0

Action                     |  1- 3 |  4- 6 |  7- 9 | 10-12 || total
---------------------------+-------+-------+-------+-------++-------
  Melee: War axe           |    56 |   127 |       |       ||   183
         Headbutt          |     9 |    21 |    23 |    35 ||    88
         Broad axe         |       |     4 |   150 |   121 ||   275
         Battleaxe         |       |       |       |    22 ||    22
  Throw: Dart              |       |    16 |     4 |     6 ||    26
    Use: Scroll            |       |       |       |    10 ||    10
   Stab: Distracted        |       |       |       |     1 ||     1
 Armour: Scale mail        |    34 |       |       |       ||    34
         Chain mail        |     8 |    99 |   109 |    85 ||   301
  Dodge: Dodged            |    15 |    58 |    57 |    96 ||   226
  Block: Buckler           |    10 |    42 |    28 |    26 ||   106

Table legend: (Time is in decaauts)
 A = Elapsed time spent in this place.
 B = Non-inter-level travel time spent in this place.
 C = Inter-level travel time spent in this place.
 D = Time resting spent in this place.
 E = Time spent auto-exploring this place.
 F = Levels seen in this place.
 G = Mean time per level.
                   A        B        C        D        E       F      G
               +--------+--------+--------+--------+--------+-----+--------+
         Total |   8876 |   8788 |     88 |    425 |   6015 |  12 |  739.7 |
       Dungeon |   8728 |   8640 |     88 |    425 |   5966 |  10 |  872.8 |
        Temple |     25 |     25 |      0 |      0 |      0 |   1 |   25.0 |
         Abyss |    122 |    122 |      0 |      0 |     49 |   1 |  122.0 |
               +--------+--------+--------+--------+--------+-----+--------+

Top non-repeatable levels by time:
     D:6: 1316 daAuts
     D:9: 1296 daAuts
     D:8: 1171 daAuts
     D:2: 1005 daAuts
     D:1: 1003 daAuts
     D:7: 852 daAuts
     D:5: 845 daAuts
     D:3: 658 daAuts
     D:4: 551 daAuts
 Abyss:2: 122 daAuts
    D:10: 27 daAuts
  Temple: 25 daAuts
